 Dungeon Crawl Stone Soup version 0.18-a0-917-g8a3da5b (webtiles) character file.

146 4thArraOfDagon the Insei (level 5, -5/30 HPs)
             Began as a Kobold Wanderer on Dec 26, 2015.
             Killed themself with a badly aimed fireball (15 damage)
             ... on level 7 of the Dungeon.
             The game lasted 00:04:03 (665 turns).

4thArraOfDagon the Insei (Kobold Wanderer)           Turns: 665, Time: 00:04:04

Health: -5/30      AC:  6    Str: 10    XL:     5   Next: 53%
Magic:  5/5        EV: 12    Int: 11    God:
Gold:   51         SH:  0    Dex: 16    Spells: 0 memorised, 4 levels left

rFire  . . .     SeeInvis .     b - scroll of teleportation
rCold  . . .     Gourm    .     g - +0 ring mail (curse)
rNeg   . . .     Faith    .     (shield restricted)
rPois  .         Spirit   .     (no helmet)
rElec  .         Dismiss  .     e - +0 cloak
rCorr  .         Reflect  .     (no gloves)
SustAt .         Harm     .     (no boots)
MR     .....                    (no amulet)
Stlth  +.........               (no ring)
                                (no ring)

@: lethally poisoned (-5 -> -10), not resistant to hostile enchantments, very
unstealthy
A: carnivore 3
a: no special abilities


You were on level 7 of the Dungeon.
You were not hungry.

You visited 1 branch of the dungeon, and saw 7 of its levels.

You collected 51 gold pieces.

Inventory:

Hand Weapons
 a - a +2 hand axe
Armour
 e - a +0 cloak (worn)
 g - a cursed +0 ring mail (worn)
Jewellery
 j - an uncursed ring of fire
Wands
 c - a wand of random effects (10/48)
Scrolls
 b - a scroll of teleportation (in hand)
Potions
 d - a potion of curing
 h - a potion of haste {unknown}
 k - a potion of might
Books
 i - a Young Poisoner's Handbook

   Spells                             Type                      Level
   a - Sting                          Conjuration/Poison           1
   b - Cure Poison                    Poison                       2
   c - Mephitic Cloud                 Conjuration/Poison/Air       3
   d - Olgreb's Toxic Radiance        Poison                       4
   e - Venom Bolt                     Conjuration/Poison           5
Comestibles
 f - 2 meat rations


   Skills:
 - Level 2.1 Fighting
 - Level 1.7 Axes
   Level 1.0 Staves
 - Level 1.1 Throwing
 - Level 1.5 Armour
 - Level 1.2 Dodging
 * Level 4.8 Unarmed Combat
 - Level 1.2 Evocations


You had 4 spell levels left.
You didn't know any spells.

Dungeon Overview and Level Annotations

Branches:
Dungeon (7/15)
 Temple: D:4-7

Altars:


Innate Abilities, Weirdness & Mutations

You are small and have problems with some larger weapons.
You are carnivorous and can eat meat at any time.


Message History

You swing at nothing.
You swing at nothing.
You swing at nothing.
You swing at nothing.
You swing at nothing.
Command repetition interrupted.
You closely miss something. Something barely misses you. Something bites you.
You are poisoned.
Something poisons you!
You feel sick.
You feel sick.
An orc wizard comes into view. It is wielding a dagger.
Evoke which item? (* to show all) (? for menu, Esc to quit)
Zapping:
c - a wand of random effects (10/48)
Press: ? - help, Shift-Dir - straight line, f - orc wizard
Aim: an orc wizard, wielding a dagger and wearing a robe (hasn't noticed you)
The fireball explodes!
The fireball engulfs something.
You feel a bit more experienced. The fireball engulfs you!
Ouch! That really hurt!
You die...

#.......
#......o
#.......
#......#
#......#
#......#
#.# #†#
#@# #.#
###.##
#....#
#....####
#<.......[
#....#####
#....#
.......


You could see an orc wizard (wandering).

Vanquished Creatures
  A hound (D:4)
  A crimson imp (D:5)
  A worker ant (D:7)
  A hound zombie (D:5)
  A hound skeleton (D:6)
  An adder (D:4)
  2 oozes
  2 ball pythons
  2 giant cockroaches
  A hobgoblin (D:1)
  2 jackals (D:4)
  A kobold (D:4)
  A giant newt (D:4)
  A quokka (D:5)
  A rat (D:2)
19 creatures vanquished.

Notes
Turn   | Place    | Note
--------------------------------------------------------------
     0 | D:1      | 4thArraOfDagon the Kobold Wanderer began the quest for the Orb.
     0 | D:1      | 4thArraOfDagon set off with: a +2 hand axe, a scroll of teleportation, a wand of random effects (15/48), a +0 robe, a meat ration
     0 | D:1      | Reached XP level 1. HP: 12/12 MP: 1/1
     6 | D:1      | Reached skill level 1 in Unarmed Combat
    42 | D:1      | Reached XP level 2. HP: 12/17 MP: 2/2
   214 | D:4      | Reached XP level 3. HP: 12/21 MP: 3/3
   249 | D:4      | Reached skill level 3 in Unarmed Combat
   249 | D:4      | Reached XP level 4. HP: 8/26 MP: 4/4
   378 | D:4      | Noticed an ogre
   391 | D:5      | Entered Level 5 of the Dungeon
   424 | D:5      | Reached skill level 4 in Unarmed Combat
   424 | D:5      | Reached XP level 5. HP: 9/30 MP: 5/5
   573 | D:5      | Noticed a sky beast
   665 | D:7      | Killed themself with a badly aimed fireball

Vault maps used:
D:1:      onia_arrival_handbag, serial_bayou_pond_e
D:3:      nicolae_tso_carved_into_rock, lemuel_round_altar, zin_angel,
          minmay_misc_feat_room
D:4:      first_bread
D:5:      serial_shops, nicolae_shop_window_shopping, led_sif_pool
D:6:      kennysheep_big_flooded_room, minmay_temple_entry_glassed_door,
          grunt_ministairs_15, nrook_pool_corridor,
          hangedman_decor_diamond_cutter
D:7:      basic_altar, columned_hall_lemuel

Action                   |  1- 3 |  4- 6 || total
-------------------------+-------+-------++-------
Melee: Hand axe          |    44 |     3 ||    47
       Unarmed           |       |    40 ||    40
Evoke: Wand              |       |    19 ||    19
  Use: Potion            |     1 |     2 ||     3
       Scroll            |       |     2 ||     2
  Eat: Chunk             |     1 |     2 ||     3
